[Event "Norway Chess 2025"]
[Site "Stavanger, Norway"]
[Date "2025.05.29"]
[Round "3"]
[White "Carlsen, Magnus"]
[Black "Erigaisi Arjun"]
[Result "1-0"]
[ECO "A36"]
[WhiteElo "2837"]
[BlackElo "2782"]
[Annotator "Rafael Leitao"]
[PlyCount "95"]
[EventDate "2025.??.??"]
[TimeControl "40/7200:0"]

1. c4 c5 2. g3 g6 3. Bg2 Bg7 4. Nc3 Nc6 5. Rb1 {With his opening choice, Carlsen decides to play a slower and more technical position, probably a good choice to limit the creativity of Arjun, a player who loves chaotic positions.} (5. Nf3 {is the move most often played.}) 5... Nf6 6. a3 a5 {Played in order to prevent the b2-b4 advance. Weakening the square on b5 isn't something that creates problems for Black.} 7. d3 ({RR} 7. b4 O-O 8. Bb2 d6 9. d3 Rb8 10. e3 e5 11. Nge2 Be6 12. Nd5 Bxd5 13. cxd5 Ne7 14. e4 b5 15. h4 Nd7 16. O-O f5 17. bxc5 Nxc5 18. f4 b4 19. axb4 axb4 20. fxe5 dxe5 21. Kh1 Qd6 {Rotstein,A (2525)-Stanojoski,Z (2506) Izmir 2004 ½-½}) 7... e6 $146 {Somewhat surprising.} (7... O-O {is the normal continuation, for instance:} 8. Nf3 d6 9. O-O {as played in many games.}) ({RR} 7... b6 8. Nh3 Bb7 9. O-O O-O 10. Bd2 d6 11. Qa4 Qd7 12. Bg5 h6 13. Bxf6 exf6 14. Nd5 Ra6 15. Nhf4 g5 16. Nh5 Qc8 17. Nhxf6+ Bxf6 18. Nxf6+ Kg7 19. Nd5 Re8 20. e3 Ne7 21. Nc7 Qxc7 22. Qxe8 {Hoellmann,L (2254)-Haerig,W (2076) Verden 2006 1-0 (40)}) ({RR} 7... h6 8. e4 d6 9. Nge2 O-O 10. O-O Ne8 11. Be3 Nd4 12. b4 axb4 13. axb4 Nc7 14. bxc5 dxc5 15. Nd5 Ra7 16. Nxd4 cxd4 17. Bd2 Nxd5 18. exd5 Bf5 19. Qb3 Qc7 20. Rfe1 Rfa8 21. Bb4 Bf6 22. c5 {Xiong,J (2646)-Clasby,D (2339) Philadelphia USA 2025 1-0 (38)}) 8. Nf3 O-O 9. Be3 $5 {Carlsen's next two moves are very original.} (9. O-O d5 10. Bf4 {is a possible continuation.}) 9... Qe7 {A new move.} (9... d6 {was played in Von Herman-Figura, Berlin-ch 2010.}) 10. Na4 $5 {Threatening the pawn on c5 and exploiting the weakness on b6.} (10. Qc1 {is also interesting, preventing d7-d5. The bishop might go later to g5, since h7-h6 isn't possible.}) 10... d6 11. O-O Rb8 12. d4 $6 {This move is criticized by the machine, as it allows Black to play b7-b6, with a fine position for Black.} (12. Nb6 {is better, although White doesn't have much after} Nd7 13. Nxc8 Rfxc8 {The pair of bishops is not so strong. More relevant is Black's counterplay on the queenside with b7-b5.}) 12... cxd4 $6 (12... Ng4 $2 {is wrong due to the tactical} 13. dxc5 Nxe3 14. cxd6 $1) (12... b6 $1 {is the best continuation, when Black has a very good position. If White tries to clarify the center with} 13. d5 {Black achieves good counterplay after} exd5 14. cxd5 Ne5 15. Nxe5 Qxe5 16. b4 axb4 17. axb4 Bf5 18. Bf4 Qe7) 13. Nxd4 Nxd4 (13... Ng4 {is possible now, but White can claim a small edge after} 14. Nxc6 bxc6 15. Bb6) 14. Bxd4 b5 15. cxb5 Rxb5 {Black has achieved the typical break on b5 and is close to equality, but Carlsen keeps applying pressure in equal positions, as we know.} 16. Nc3 (16. b4 {is another idea. Black can continue with} axb4 17. axb4 e5 (17... Nd5 $5 18. Bxg7 Kxg7 {is also possible.}) 18. Nc3 Rb8 19. Be3 Bf5 20. Rb2 Rfc8 21. Qd2 {when the position is again in that \"equal but not drawn\" evaluation.}) 16... Rb8 17. Qa4 $1 {The best move to pose problems. The alternatives are simpler for Black to defend.} (17. b4 axb4 18. axb4 Bb7) (17. e4 Ba6 18. Re1 Nd7) 17... Bb7 {Sacrificing a pawn.} ({After} 17... e5 18. Be3 Bf5 19. Rbc1 Rxb2 20. Qxa5 {the a-pawn can cause some headaches for Black.}) 18. Bxb7 Qxb7 19. Qxa5 e5 20. Be3 d5 21. Bg5 $1 {The only move, but of course Carlsen had seen it long before the position occurred on the board.} d4 (21... Rfd8 {is a good alternative, saving d5-d4 for later, when White's knight is unable to go to d5.}) 22. Bxf6 Bxf6 23. Nd5 Bg5 (23... Bd8 $6 {is weaker, since Black isn't winning the knight.} 24. Qb4 {with the advantage for White.}) (23... Bg7 {is playable. The bishop supports the d4-pawn, making the e5-e4 advance more interesting. Black has enough compensation for equality.}) 24. Nb4 Bd2 {Arjun decides to clarify the position.} ({He could also have chosen} 24... Rfe8 {with good enough compensation.}) 25. Qxe5 Bxb4 26. axb4 Qxb4 27. Rfd1 Rfe8 28. Qf4 (28. Qxd4 Rxe2 {is similar, but a slightly better version for Black.}) 28... Rxe2 29. Rxd4 {White is a pawn up, but Black's pieces are very active and it shouldn't be too difficult to achieve a draw under normal circumstances. Carlsen, however, will easily win in the game continuation. This is no coincidence: we've seen it happen many times before.} Qb7 $6 (29... Qb3 $1 {blocks the pawn and is a stronger move. The computer shows full equality after} 30. Qf6 Ree8) 30. Qf6 Re6 $2 {Already a losing move.} (30... Rxb2 $4 {of course loses in more than one way. The simplest is} 31. Rd8+ Rxd8 32. Qxd8+ Kg7 33. Qd4+ {picking up the rook.}) (30... Rbe8 {isn't accurate. White can reply} 31. Rd8 $1) (30... h5 $1 {may be the best defense, creating some ideas with h5-h4 and giving the h7-square to the king. White cannot win against best play, for instance:} 31. b4 (31. Rd8+ Rxd8 32. Qxd8+ Kh7 33. b4 Qf3 34. Qd4 Re4 {followed by h5-h4, with counterplay.}) (31. h4 Rbe8 32. Rd8 Rxd8 33. Qxd8+ Kh7 {and again Black is very active.}) 31... Rbe8 32. Rd8 Rxd8 33. Qxd8+ Kh7 34. Qd3 (34. h4 {White has no time to play this consolidating move, since Black can play} Qe4 35. Qd1 Qf5 $1) 34... Re4 35. b5 h4 $1 {Black manages to create enough counterplay to achieve a draw with best play. Obviously, it isn't easy to play so precisely.}) (30... Qe7 $1 {Carlsen himself suggested exchanging queens here as the way to make a clear draw.}) 31. Rd8+ Rxd8 32. Qxd8+ Kg7 33. Qd4+ Kg8 34. b4 {A pair of rooks was exchanged and Black's pieces were pushed back. White is a sound pawn up and this is a technical win for Carlsen.} h5 35. b5 Rb6 (35... Re4 {gives more chances of defending, but White should win after} 36. Qd8+ Kh7 37. h4 $1 {preventing the counterplay with h5-h4.}) 36. Re1 $1 Qb8 37. Re8+ $1 Qxe8 38. Qxb6 {The queen endgame is easily winning.} Qe1+ 39. Kg2 Qe4+ 40. Kf1 Qd3+ {Of course Black has no time to take the h-pawn since White's passed pawn is too fast.} 41. Ke1 Qc3+ 42. Ke2 Qc2+ 43. Ke3 {There's no perpetual and White's king simply marches forward, closer to the pawn.} Qc3+ 44. Ke4 Qc4+ 45. Ke5 Kg7 46. h4 Qd3 47. Qc5 Qf5+ 48. Kd6 {A trademark Carlsen win.} 1-0

[Event "July 23 Late 2024"]
[Site "Chess.com"]
[Date "2024.07.23"]
[Round "11.3"]
[White "Demidov, Mikhail"]
[Black "Carlsen, Magnus"]
[Result "0-1"]
[ECO "A37"]
[WhiteElo "3001"]
[BlackElo "3239"]
[PlyCount "78"]
[EventDate "2024.??.??"]
[WhiteTeam "FID"]
[BlackTeam "NOR"]
[TimeControl "180+1"]
[BlackClock "0:01:09"]

1. Nf3 b6 2. g3 Bb7 3. Bg2 g6 4. O-O Bg7 5. d3 c5 6. c4 Nc6 7. Nc3 Nh6 8. Rb1 Nf5 9. Bd2 O-O 10. a3 d6 11. b4 Qd7 12. bxc5 $146 ({RR} 12. e3 e6 13. Qe2 Rfd8 14. Rfc1 Rac8 15. Be1 Ba8 {½-½ (15) Gulko,B (2615)-Miles,A (2630) Las Palmas 1996}) 12... dxc5 13. Nd5 e6 14. Ne3 Nfd4 15. Nc2 Nxc2 16. Qxc2 e5 17. Bc3 Nd4 18. Bxd4 exd4 19. Nd2 Rfe8 20. Rfe1 Bxg2 21. Kxg2 Re6 22. Nf3 Rae8 23. a4 a5 24. Rb2 Bf6 25. Qd1 Bd8 26. Nd2 g5 27. Kg1 f5 28. Nf1 f4 29. e4 dxe3 30. fxe3 Bf6 31. Rf2 fxe3 32. Rxe3 Bd4 33. Rxe6 Qxe6 34. Qh5 Bxf2+ 35. Kxf2 Rf8+ 36. Kg2 Qc6+ 37. Kg1 Qf6 38. Qe2 Qf3 39. Qe6+ Qf7 0-1